 Dungeon Crawl Stone Soup version 0.14-a0-1403-g5d3c58f (webtiles) character file.

989 PolkaDot the Slicer (level 7, -7/49 HPs)
             Began as a Vampire Death Knight on Dec 10, 2013.
             Was a Believer of Yredelemnul.
             Splashed by a jelly's acid (14 damage)
             ... on Level 5 of the Dungeon.
             The game lasted 00:13:10 (3825 turns).

PolkaDot the Slicer (Vampire Death Knight)          Turns: 3825, Time: 00:13:11

HP  -7/49        AC  1     Str 12      XL: 7   Next: 73%
MP   9/9         EV 11     Int 13      God: Yredelemnul [**....]
Gold 119         SH  0     Dex 18      Spells:  1 memorised,  5 levels left

rFire  . . .     SeeInvis +     a - +1,+0 short sword
rCold  . . .     Clarity  .     b - -2 leather armour
rNeg   + . .     Conserve .     (no shield)
rPois  .         rCorr    .     (no helmet)
rElec  .         rRot     .     (no cloak)
SustAb . .       Spirit   .     (no gloves)
rMut   .         Warding  .     (no boots)
Saprov . . .     Stasis   .     (no amulet)
                                e - ring of regeneration
                                c - +3 ring of dexterity

@: slightly resistant to hostile enchantments, unstealthy
A: bottle blood, fangs 3, see invisible, unbreathing
a: Bat Form, Bottle Blood, Animate Remains, Recall Undead Slaves, Injury Mirror,
Renounce Religion


You were on level 5 of the Dungeon.
You worshipped Yredelemnul.
Yredelemnul was pleased with you.
You were not thirsty.

You visited 1 branch of the dungeon, and saw 5 of its levels.

You collected 119 gold pieces.

Inventory:

Hand weapons
 a - a +1,+0 short sword (weapon)
Armour
 b - a -2 leather armour (worn)
 h - a +0 buckler
Scrolls
 d - a scroll of curse armour {unknown}
 g - a scroll of teleportation {unknown}
 i - a scroll of curse weapon {unknown}
 j - 4 scrolls of identify
 k - 4 scrolls of remove curse {unknown}
 m - a scroll of amnesia {unknown}
 n - 5 scrolls of recharging
 o - a scroll of fog {unknown}
Jewellery
 c - a +3 ring of dexterity (left hand)
 e - a ring of regeneration (right hand)
Potions
 q - a potion of restore abilities
Books
 p - a book of Enchantments

   Spells                             Type                      Level
   Cause Fear                         Hexes                        4
   Silence                            Hexes/Air                    5
   Tukima's Dance                     Hexes                        5
   Deflect Missiles                   Charms/Air                   6
   Haste                              Charms                       6
   Discord                            Hexes                        8


   Skills:
 - Level 1.7 Fighting
 + Level 9.9 Short Blades
 - Level 0.7 Armour
 - Level 1.1 Dodging
 - Level 2.4 Invocations


You had 5 spell levels left.
You knew the following spells:

 Your Spells              Type           Power        Failure   Level  Hunger
a - Apportation           Tloc           #.........   30%         1    ##.....


Dungeon Overview and Level Annotations

Branches:
Dungeon (5/16)             Temple (0/1) D:4

Altars:
Xom
Jiyva


Innate Abilities, Weirdness & Mutations

You can bottle blood from corpses.
You have razor-sharp teeth.*
You have supernaturally acute eyesight.
You can survive without breathing.*


Message History

You hit the jelly.
The jelly is moderately wounded.
The jelly completely misses you.
You hit the jelly.
The jelly is heavily wounded.
You hit the jelly.
The acid corrodes your +1,+1 short sword!
You bite the jelly.
The jelly is heavily wounded.
The jelly hits you.
You are splashed with acid!
The acid burns!
* * * LOW HITPOINT WARNING * * *
You hit the jelly.
The jelly is severely wounded.
The jelly hits you.
* * * LOW HITPOINT WARNING * * *
You are splashed with acid!
The acid corrodes your -1 leather armour!
The acid burns!
You die...
Yredelemnul claims you as an undead slave.

######## #......#
##########......#
#................ ##########
#...z.####......#
.........####...............#
........).sJ@...............#
..........#####...............
..........# #.#######.##.###
....%..s..# #.# #.##.#
.........# #.# #.##.#
.........# #.# #.##.#
..._..#### #.# #.##.# .....
#.# #.##.# .... #.# ...#.###


You could see a jelly, a scorpion and a friendly worm zombie.

Vanquished Creatures
  An ogre (D:5)
  The ghost of July the Sneak, an average SpEn (D:3)
  Sigmund (D:3)
  A water moccasin (D:5)
  A hound (D:4)
  2 orc priests
  4 orc wizards
  2 worker ants (D:4)
  3 gnolls (D:3)
  3 adders
  A giant mite (D:4)
  A worm (D:5)
  A giant gecko (D:3)
  3 oozes
  7 orcs (D:3)
  6 giant cockroaches
  7 hobgoblins
  5 jackals (D:3)
  11 bats
  6 giant newts
  5 goblins
  4 kobolds
  2 rats
78 creatures vanquished.

Vanquished Creatures (collateral kills)
  A centaur (D:5)
  A black bear (D:5)
  A crimson imp (D:5)
  A hound (D:4)
  A jelly (D:5)
  An orc priest (D:4)
  A scorpion (D:4)
  A gnoll (D:3)
  An orc zombie (D:4)
  An ooze (D:5)
  2 orcs
  3 bats
  A hobgoblin (D:3)
  A rat (D:3)
17 creatures vanquished.

Vanquished Creatures (others)
  An ogre zombie (D:5)
  A scorpion zombie (D:4)
  An adder skeleton (D:3)
  2 bat skeletons (D:3)
  2 giant cockroach zombies (D:3)
  A giant mite zombie (D:4)
  A goblin skeleton (D:3)
  2 hobgoblin skeletons (D:3)
  A jackal skeleton (D:3)
  An orc skeleton (D:3)
13 creatures vanquished.

Grand Total: 108 creatures vanquished

Notes
Turn   | Place    | Note
--------------------------------------------------------------
     0 | D:1      | PolkaDot, the Vampire Death Knight, began the quest for the Orb.
     0 | D:1      | Reached XP level 1. HP: 16/16 MP: 1/1
   666 | D:1      | Reached skill level 3 in Short Blades
   666 | D:1      | Reached XP level 2. HP: 20/22 MP: 2/2
  1042 | D:2      | Found a shimmering altar of Xom.
  1578 | D:3      | Reached skill level 4 in Short Blades
  1578 | D:3      | Reached XP level 3. HP: 22/27 MP: 2/4
  1890 | D:3      | Noticed Sigmund
  1892 | D:3      | Noticed July's ghost (average SpEn)
  1898 | D:3      | Killed July's ghost
  1898 | D:3      | Reached skill level 5 in Short Blades
  1898 | D:3      | Reached XP level 4. HP: 17/33 MP: 5/5
  1906 | D:3      | Killed Sigmund
  1906 | D:3      | Reached skill level 6 in Short Blades
  1906 | D:3      | Reached XP level 5. HP: 20/38 MP: 6/6
  2175 | D:3      | Acquired Yredelemnul's second power
  2395 | D:3      | Reached skill level 7 in Short Blades
  2395 | D:3      | Reached XP level 6. HP: 34/44 MP: 8/8
  2927 | D:4      | Found a staircase to the Ecumenical Temple.
  2976 | D:4      | Reached skill level 8 in Short Blades
  3364 | D:4      | Reached XP level 7. HP: 37/49 MP: 9/9
  3539 | D:5      | Entered Level 5 of the Dungeon
  3545 | D:5      | Learned a level 1 spell: Apportation
  3661 | D:5      | Reached skill level 9 in Short Blades
  3798 | D:5      | Found a viscous altar of Jiyva.
  3825 | D:5      | Splashed by a jelly's acid

Action                   |  1- 3 |  4- 6 |  7- 9 || total
-------------------------+-------+-------+-------++-------
Melee: Short sword       |   200 |   206 |    60 ||   466
Invok: Animate Remains   |    10 |    14 |     2 ||    26
       Recall Undead Sla |       |     2 |     2 ||     4
  Use: Potion            |     5 |     2 |     5 ||    12
       Scroll            |       |     5 |       ||     5
 Stab: Sleeping          |       |     1 |       ||     1
